 Seeded DCSS version 0.29-a0-1009-g60c99734e7 (webtiles) character file.

Game seed: 12648279562052860918 (custom seed)

3600 flotson the Trooper (level 9, -1/72 HPs)
             Began as a Demonspawn Delver on Aug 9, 2022.
             Was an Initiate of Gozag.
             Killed by divine providence
             ... invoked by an orc priest
              (17 damage)
             ... on level 8 of the Dungeon.
             The game lasted 00:14:56 (11434 turns).

flotson the Trooper (Demonspawn Delver)            Turns: 11434, Time: 00:14:57

Health: -1/72      AC: 21    Str: 17    XL:     9   Next: 85%
Magic:  9/9        EV: 13    Int: 12    God:    Gozag
Gold:   786        SH:  5    Dex: 14    Spells: 8/8 levels left

rFire   . . .      SeeInvis .   v - +2 flail (protect)
rCold   . . .      Faith    .   (no shield)
rNeg    . . .      Spirit   .   h - +0 ring mail
rPois   +          Reflect  +   (helmet restricted)
rElec   .          Harm     .   H - +0 cloak
rCorr   +          Rampage  .   i - +0 pair of gloves
Will    .....                   (no boots)
Stlth   ++........              G - amulet of reflection
HPRegen 0.22/turn               b - ring of poison resistance
MPRegen 0.11/turn               z - ring of resist corrosion

@: sanguine armoured, under a protective aura
A: horns 2, sanguine armour 1
a: Renounce Religion, Potion Petition, Call Merchant, Bribe Branch


You were on level 8 of the Dungeon.
You worshipped Gozag.
Gozag was pleased with you.
You visited 2 branches of the dungeon, and saw 9 of its levels.

You collected 1065 gold pieces.
You spent 195 gold pieces at shops.
You paid 84 gold pieces to Gozag.

Inventory:

Hand Weapons
 v - a +2 flail of protection (weapon)
Missiles
 d - 6 boomerangs
 p - 13 poisoned darts (quivered)
Armour
 h - a +0 ring mail (worn)
 i - a +0 pair of gloves (worn)
 H - a +0 cloak (worn)
Jewellery
 b - a ring of poison resistance (left hand)
 t - a ring of flight
 w - a +6 ring of intelligence
 y - a ring of wizardry
 z - a ring of resist corrosion (right hand)
 G - an amulet of reflection (around neck)
Wands
 g - a wand of digging (3)
Scrolls
 a - a scroll of brand weapon {unknown}
 c - a scroll of fog
 e - 2 scrolls of blinking {unknown}
 j - a scroll of butterflies {unknown}
 l - 3 scrolls of enchant weapon
 o - a scroll of poison {unknown}
 q - a scroll of amnesia {unknown}
 r - a scroll of immolation {unknown}
 x - 2 scrolls of silence
 A - 6 scrolls of teleportation
 C - 2 scrolls of fear
 F - a scroll of enchant armour {unknown}
Potions
 f - 6 potions of might
 k - a potion of brilliance
 m - 2 potions of haste
 n - a potion of berserk rage
 s - 4 potions of mutation
 u - a potion of attraction {unknown}
 B - 4 potions of heal wounds
 D - a potion of resistance


   Skills:
 + Level 7.1 Fighting
 - Level 1.7 Polearms
 + Level 5.2 Throwing
 + Level 5.7 Armour
 + Level 6.1 Dodging
 - Level 4.5 Stealth
 + Level 6.2 Evocations


You had 8 spell levels left.
You didn't know any spells.
Your spell library contained the following spells:

 Spells                   Type           Power      Damage    Failure   Level
 Freeze                   Ice            0%         1d3       50%         1
 Sublimation of Blood     Necr           0%         N/A       65%         2
 Wereblood                Tmut           0%         N/A       65%         2
 Conjure Flame            Conj/Fire      0%         6-21      86%         3
 Frozen Ramparts          Ice            0%         1d1       86%         3
 Ignite Poison            Fire/Tmut/Pois 0%         N/A       86%         3
 Hailstorm                Conj/Ice       0%         3d3       99%         4
 Sticky Flame             Conj/Fire      0%         2d3       99%         4
 Summon Hydra             Summ           0%         N/A       100%        7


Dungeon Overview and Level Annotations

Branches:
Dungeon (8/15)             Temple (1/1) D:5
   Lair: D:8-11

Altars:
Dithmenos
Fedhas
Gozag
Hepliaklqana
Nemelex Xobeh
Okawaru
Sif Muna
Trog
Vehumet

Shops:
D:7 !


Innate Abilities, Weirdness & Mutations

You have a pair of horns on your head.
When seriously injured, your blood forms armour. (AC +6)


Message History

The orc priest hits you with a +0 club. The orc hits you but does no damage.
You block the orc's attack.
Unknown command.
You are too injured to fight recklessly!
Unknown command.
You are too injured to fight recklessly!
Unknown command.
You barely miss the orc priest. You headbutt the orc priest.
The orc priest is moderately wounded.
The wolf closely misses you. The orc closely misses you.
The orc priest hits you but does no damage.
The orc closely misses you. The wolf barely misses you.
You hit the orc priest.
The orc priest is moderately wounded.
The wolf barely misses you. The orc priest completely misses you.
The orc misses you. The orc barely misses you. The wolf closely misses you.
The orc hits you but does no damage. The orc closely misses you.
The orc priest calls down the wrath of Beogh upon you.
Pain shoots through your body! The wolf misses you.
You barely miss the orc priest. You headbutt the orc priest.
The orc priest is heavily wounded.
You block the wolf's attack.
The orc priest invokes the aid of Beogh against you.
Pain shoots through your body!
* * * LOW HITPOINT WARNING * * *
The orc hits you but does no damage. x2; The wolf closely misses you.
You barely miss the orc priest.
You headbutt the orc priest, but do no damage.
The orc priest is heavily wounded.
The wolf closely misses you.
The orc priest mumbles some strange prayers to Beogh against you.
Pain shoots through your body!
* * * LOW HITPOINT WARNING * * *
The orc hits you but does no damage. The orc closely misses you.
The wolf closely misses you. The orc hits you but does no damage.
The orc barely misses you.
The orc priest calls down the wrath of Beogh upon you.
Beogh smites you!
You die...
Your body crumbles into a pile of gold.

#######+##### #######
###...........# ......#
..............+ ......#
#....$o.....#
......######...h@o......
................$o.....#
......###......##......#
......# #......# ###'###
......# #......# #
####### #......#
#########......##
..................
#################..


You could see a wolf, an orc priest and 2 orcs.

Vanquished Creatures
  Pikel (D:7)
  Prince Ribbit (D:7)
  A yak (D:4)
  Grum (D:7)
  3 ice beasts
  3 black bears
  An ogre (D:4)
  2 wolves (D:7)
  2 centaurs
  A phantom (D:5)
  A necrophage (D:4)
  A gnoll sergeant (D:7)
  4 scorpions
  4 wights (D:7)
  6 killer bees (D:7)
  3 howler monkeys (D:6)
  A crimson imp (D:7)
  4 orc priests
  4 hounds
  A jelly (D:5)
  Natasha (thrice) (D:3)
  2 iguanas
  2 orc wizards
  Robin (D:3)
  6 gnolls
  4 adders
  3 shadow imps
  A white imp (D:7)
  An ufetubus (D:5)
  A worm (D:2)
  2 dart slugs
  23 orcs
  5 ball pythons
  7 bats
  6 endoplasms
  3 giant cockroaches
  11 goblins
  9 hobgoblins
  4 jackals
  4 quokkas (D:3)
  3 frilled lizards
  9 kobolds
  6 rats
161 creatures vanquished.

Notes
Turn   | Place    | Note
-------+----------+-------------------------------------------
     0 | D:5      | flotson the Demonspawn Delver began the quest for the Orb.
     0 | D:5      | Reached XP level 1. HP: 18/18 MP: 1/1
    22 | D:5      | Found a staircase to the Ecumenical Temple.
    39 | Temple   | Entered the Ecumenical Temple
    89 | D:5      | Gained mutation: You have a pair of small horns on your
                  | head. [demonic ancestry]
    89 | D:5      | Reached XP level 2. HP: 20/24 MP: 2/2
   154 | D:4      | Noticed a necrophage
   172 | D:4      | Killed a necrophage
   173 | D:4      | Reached skill level 1 in Armour
   173 | D:4      | Reached skill level 1 in Evocations
   173 | D:4      | Reached XP level 3. HP: 10/29 MP: 3/3
   173 | D:4      | Reached XP level 4. HP: 12/35 MP: 4/4
   477 | D:4      | Noticed an ogre
  1054 | D:2      | Gained mutation: When seriously injured, your blood forms
                  | armour. (AC +6) [demonic ancestry]
  1054 | D:2      | Reached XP level 5. HP: 42/42 MP: 5/5
  2773 | D:2      | Reached skill level 4 in Fighting
  3500 | D:4      | Killed an ogre
  3501 | D:4      | Reached skill level 1 in Throwing
  3501 | D:4      | Gained mutation: You have a pair of horns on your head.
                  | [demonic ancestry]
  3501 | D:4      | Reached XP level 6. HP: 48/48 MP: 6/6
  3561 | Temple   | Became a worshipper of Gozag Ym Sagoz the Greedy
  3747 | D:3      | Found a faded altar of an unknown god.
  3789 | D:3      | Noticed Robin
  3799 | D:3      | Killed Robin
  3949 | D:3      | Noticed Natasha
  3962 | D:3      | Killed Natasha
  4378 | D:3      | Noticed Natasha
  4395 | D:3      | Killed Natasha
  4696 | D:3      | Noticed Natasha
  4707 | D:3      | Killed Natasha
  4807 | D:3      | Found a shadowy altar of Dithmenos.
  5315 | D:5      | Noticed an ice beast
  5361 | D:4      | Killed an ice beast
  5362 | D:4      | Reached XP level 7. HP: 36/55 MP: 7/7
  5569 | D:5      | Noticed a yak
  5585 | D:5      | Noticed a yak
  5587 | D:5      | Noticed a yak
  5631 | D:4      | Killed a yak
  5632 | D:4      | Reached skill level 5 in Fighting
  5927 | D:5      | Found a sparkling altar of Nemelex Xobeh.
  5929 | D:5      | Found a hazy altar of Hepliaklqana.
  6944 | D:5      | Reached XP level 8. HP: 28/62 MP: 8/8
  7201 | D:6      | Found a radiant altar of Vehumet.
  8045 | D:6      | Found a shimmering blue altar of Sif Muna.
  8138 | D:7      | Noticed Prince Ribbit
  8455 | D:7      | Noticed Pikel
  8490 | D:7      | Killed Pikel
  8491 | D:7      | Reached skill level 6 in Fighting
  8491 | D:7      | Reached skill level 5 in Dodging
  8491 | D:7      | Reached skill level 5 in Evocations
  8491 | D:7      | Reached XP level 9. HP: 34/69 MP: 9/9
  8697 | D:7      | Found an iron altar of Okawaru.
  8706 | D:7      | Found a blossoming altar of Fedhas.
  8960 | D:7      | Found Afuhuso's Distillery.
  8968 | D:7      | Bought a potion of heal wounds for 65 gold pieces
  8968 | D:7      | Bought a potion of heal wounds for 65 gold pieces
  8968 | D:7      | Bought a potion of heal wounds for 65 gold pieces
  8982 | D:7      | Reached skill level 5 in Armour
  9383 | D:7      | Found a bloodstained altar of Trog.
  9773 | D:7      | Killed Prince Ribbit
 10284 | D:8      | Reached skill level 5 in Throwing
 10369 | D:8      | Noticed Grum
 10612 | D:7      | Reached skill level 7 in Fighting
 10749 | D:7      | Killed Grum
 11434 | D:8      | Killed from afar by an orc priest

Illustrated notes

Levels and vault maps discovered:
D:1:      ncdulo_wetmaze, layout_basic
D:2:      layout_basic, serial_park_tiny_1
D:3:      layout_loops_ring, mainiacjoe_overflow_alcove_2,
          hellmonk_ecumenical_altar_heavens_door, minmay_distorted,
          uniq_natasha, uniq_robin
D:4:      minmay_evil_eye, layout_rooms
D:5:      layout_basic, jmf_multi_god_temple, minmay_temple_entry_trees,
          supply_closet_lemuel, grunt_ministairs_12
D:6:      minmay_spotlight, layout_cave_pods, led_sif_pool,
          amethyst_overflow_temple_binary
D:7:      layout_layer_cave, mainiacjoe_overflow_large_starburst,
          lightli_temple_of_fire, serial_shops, nicolae_diamond_shop,
          minmay_misc_feat_nine_boxes, minmay_fire_ice_demons, uniq_pikel,
          uniq_prince_ribbit1
D:8:      layout_basic, gammafunk_ghost_cemetery, uniq_joseph, uniq_grum
Temple:   nicolae_temple_figure_eight

Skill      XL: |  1  2  3  4  5  6  7  8  9 |
---------------+----------------------------+-----
Dodging        | 2 3 4 5 6 |  6.1
Armour         | 1 2 3 4 5 |  5.7
Evocations     | 1 2 3 4 5 6 |  6.2
Fighting       | 4 5 6 7 |  7.1
Throwing       | 1 2 4 5 |  5.2
Polearms       | |  1.7
Stealth        | |  4.5

Action                   |  1- 3 |  4- 6 |  7- 9 || total
-------------------------+-------+-------+-------++-------
Melee: Spear             |    25 |    42 |       ||    67
       Headbutt          |     2 |    48 |    86 ||   136
       War axe           |       |   198 |       ||   198
       Punch             |       |     3 |     5 ||     8
       Flail             |       |    65 |   427 ||   492
Throw: Throwing net      |       |     1 |       ||     1
       Dart              |       |       |     6 ||     6
  Use: Potion            |     1 |     1 |     4 ||     6
       Scroll            |       |     2 |    13 ||    15
 Stab: Sleeping          |     1 |     7 |       ||     8
       Distracted        |       |     2 |       ||     2
Armor: Ring mail         |     4 |   147 |   323 ||   474
Dodge: Dodged            |    10 |   204 |   426 ||   640
Block: Other             |       |       |   106 ||   106

Table legend: (Time is in decaauts)
 A = Elapsed time spent in this place.
 B = Non-inter-level travel time spent in this place.
 C = Inter-level travel time spent in this place.
 D = Time resting spent in this place.
 E = Time spent auto-exploring this place.
 F = Levels seen in this place.
 G = Mean time per level.
                   A        B        C        D        E       F      G
               +--------+--------+--------+--------+--------+-----+--------+
         Total |  11702 |  11007 |    695 |   1171 |   7704 |   9 | 1300.2 |
       Dungeon |  11610 |  10988 |    622 |   1171 |   7688 |   8 | 1451.2 |
        Temple |     91 |     18 |     73 |      0 |     16 |   1 |   91.0 |
               +--------+--------+--------+--------+--------+-----+--------+

Top non-repeatable levels by time:
     D:7: 2906 daAuts
     D:3: 1846 daAuts
     D:5: 1508 daAuts
     D:4: 1496 daAuts
     D:6: 1321 daAuts
     D:1: 1073 daAuts
     D:2: 1057 daAuts
     D:8: 399 daAuts
  Temple: 91 daAuts
